 Dungeon Crawl Stone Soup version 0.30-a0-381-g6ea064c7b4 (webtiles) character file.

Game seed: 10755310375371715155

5541 funkygono the Arsonist (level 10, 0/64 HPs)
             Began as a Demonspawn Fire Elementalist on Dec 1, 2022.
             Was a Believer of Vehumet.
             Succumbed to Amaemon's poison
             ... on level 8 of the Dungeon.
             The game lasted 00:16:19 (10238 turns).

funkygono the Arsonist (DsFE)                      Turns: 10238, Time: 00:16:19

Health: 0/64       AC: 16    Str:  8    XL:     10   Next: 43%
Magic:  9/22       EV: 13    Int: 22    God:    Vehumet [**....]
Gold:   524        SH:  9    Dex: 13    Spells: 4/26 levels left

rFire   + . .      SeeInvis .    D - +2 whip (drain)
rCold   . . .      Faith    .    (no shield)
rNeg    . . .      Spirit   .    u - +0 steam dragon scales
rPois   .          Reflect  +    (no helmet)
rElec   .          Harm     .    k - +1 cloak
rCorr   .          Rampage  .    o - +1 pair of gloves
Will    .....                    c - +0 pair of boots
Stlth   ++........               x - amulet of reflection
HPRegen 0.30/turn                f - ring of protection from fire
MPRegen 0.18/turn                (no ring)

@: lethally poisoned (0 -> -27), slowed, very slow
A: hooves 2, icemail 1, sharp scales 2, condensation shield
a: Renounce Religion


You were on level 8 of the Dungeon.
You worshipped Vehumet.
Vehumet was pleased with you.
You visited 2 branches of the dungeon, and saw 9 of its levels.

You collected 524 gold pieces.

Inventory:

Hand Weapons
 b - a +0 whip of electrocution
 e - a +2 mace
 g - a +1 mace
 A - a +5 long sword
 D - a +2 whip of draining (weapon)
Missiles
 w - 2 throwing nets
Armour
 a - a +0 robe
 c - a +0 pair of boots (worn)
 k - a +1 cloak (worn)
 n - a +2 ring mail of cold resistance
 o - a +1 pair of gloves (worn)
 u - +0 steam dragon scales (worn)
Jewellery
 f - a ring of protection from fire (left hand)
 x - an amulet of reflection (around neck)
Wands
 i - a wand of charming (18)
 p - a wand of quicksilver (26)
 B - a wand of polymorph (8)
Scrolls
 m - a scroll of teleportation
 y - a scroll of identify
 E - a scroll of brand weapon {unknown}
Potions
 d - a potion of flight {unknown}
 h - 3 potions of haste
 j - 2 potions of heal wounds
 l - a potion of resistance
 q - 2 potions of brilliance
 r - a potion of lignification {unknown}
 s - a potion of magic
 t - 2 potions of curing
 v - 2 potions of attraction
 z - a potion of berserk rage
 C - 3 potions of mutation {unknown}


   Skills:
 + Level 0.7 Fighting
 + Level 1.5 Maces & Flails
 + Level 3.3 Dodging
 - Level 1.7 Stealth
 + Level 1.3 Shields
 + Level 8.5 Spellcasting
 + Level 6.2 Conjurations
 + Level 9.9 Fire Magic
 + Level 0.1 Air Magic
 + Level 0.2 Earth Magic
 + Level 0.1 Evocations


You had 4 spell levels left.
You knew the following spells:

 Your Spells              Type           Power      Damage    Failure   Level
a - Foxfire               Conj/Fire      100%       2x1d9     1%          1
b - Scorch                Fire           100%       2d10      1%          2
c - Kindle Blastsparks    Fire/Tloc/Air  48%        2d14      5%          3
d - Flame Wave            Conj/Fire      44%        2d11      2%          4
e - Lightning Bolt        Conj/Air       11%        1d24      47%         5
f - Iron Shot             Conj/Erth      11%        9d3       96%         6
g - Kiss of Death         Conj/Necr      92%        2d12      1%          1

Your spell library contained the following spells:

 Spells                   Type           Power      Damage    Failure   Level
 Inner Flame              Hex/Fire       31%        N/A       2%          3
 Static Discharge         Conj/Air       46%        2-4/arc   3%          2
 Vhi's Electric Charge    Tloc/Air       18%        N/A       21%         3
 Iskenderun's Battlesphe  Conj           36%        2d9       16%         5
 Arcjolt                  Conj/Air       11%        1d21      47%         5
 Spellforged Servitor     Conj/Summ      11%        N/A       100%        7


Dungeon Overview and Level Annotations

Branches:
Dungeon (8/15)             Temple (1/1) D:4
   Lair: D:8-11

Altars:
Ashenzari
Cheibriados
Dithmenos
Gozag
Hepliaklqana
Makhleb
Nemelex Xobeh
Okawaru
Qazlal
Ru
Sif Muna
Trog
Vehumet
Wu Jian
Xom
Yredelemnul

Shops:
D:4 [

Annotations:
D:8 Amaemon


Innate Abilities, Weirdness & Mutations

You have hoof-like feet.
A meltable icy envelope protects you from harm. (AC +4)
You are mostly covered in razor-sharp scales. (AC +2, Slay +2)
A meltable shield of frost defends you. (SH +4)


Message History

The scorpion poisons you!
A wave of flame ripples out!
The flame wave engulfs Amaemon!
Amaemon is moderately wounded.
The flame wave engulfs the scorpion!!
You kill the scorpion!
The scorpion's corpse disappears in a puff of smoke!
The flame wave engulfs the scorpion!
You kill the scorpion!
The scorpion's corpse disappears in a puff of smoke!
The flame wave engulfs the scorpion!
You kill the scorpion!
The scorpion's corpse disappears in a puff of smoke!
The flame wave engulfs the scorpion!
You kill the scorpion!
The scorpion's corpse disappears in a puff of smoke!
You finish channelling waves of flame.
You feel extremely sick. Amaemon hits you but does no damage.
You are more poisoned.
You block Amaemon's attack. x3; Amaemon closely misses you.
Amaemon completely misses you.
Casting: Flame Wave (dangerous; 2% risk of failure)
Confirm with . or Enter, or press ? or * to list all spells.
Casting: Flame Wave (dangerous; 2% risk of failure)
Press: ? - help, Dir - look around, f - activate A wave of flame ripples out!
The flame wave engulfs Amaemon!
Amaemon is heavily wounded. (Press . to intensify the flame waves.)
* * * LOW HITPOINT WARNING * * *
You feel extremely sick.
Amaemon mumbles some strange words.
A wave of flame ripples out!
The flame wave engulfs Amaemon.
Amaemon is heavily wounded.
The flame wave engulfs the scorpion!
The scorpion is heavily wounded.
The flame wave engulfs the scorpion!
The scorpion is almost dead.
The flame wave engulfs the scorpion!
The scorpion is severely wounded.
You die...

..........§≈§≈≈≈....≈≈§≈§§....#
..........≈§≈≈≈≈≈§≈§≈§≈§§≈....#
....###....≈≈≈≈≈≈§≈≈≈≈§≈≈.....#
..# #.....≈≈§≈≈≈≈§§§§§§....## .
###.....≈≈≈≈≈≈§§..§..#.#
##...s...≈≈.......#..#
###.....s§.....###.##
####6s....###....#
#s@##......#### ##....######
####.# #.# #.# #.# #.# ###


You could see Amaemon (empowered) and 4 scorpions.

Vanquished Creatures
  An orange demon (D:8)
  A hornet (D:7)
  Prince Ribbit (D:7)
  A wyvern (D:8)
  5 steam dragons
  4 orc warriors
  3 ice beasts
  2 black bears
  A sky beast (D:8)
  3 ogres
  4 centaurs (D:6)
  2 kobold brigands
  4 bullfrogs
  3 gnoll sergeants
  3 scorpions
  14 wights
  A howler monkey (D:6)
  3 jellies
  6 orc priests
  A gnoll bouda (D:6)
  8 hounds
  An iron imp (D:3)
  4 iguanas
  6 orc wizards
  9 gnolls
  6 adders
  3 worms
  A dart slug (D:2)
  23 orcs
  6 endoplasms
  A giant cockroach (D:1)
  4 goblins
  18 hobgoblins
  5 jackals (D:2)
  12 kobolds
  A quokka (D:1)
  9 ball pythons
  3 bats (D:1)
  A frilled lizard (D:1)
  4 rats
188 creatures vanquished.

Vanquished Creatures (others)
  2 draconians (D:1)
  A gargoyle (D:1)
  An elf (D:1)
  3 merfolk (D:1)
  2 formicids (D:1)
  2 demigods (D:1)
  A naga (D:1)
  An ogre (D:1)
  An orc (D:1)
  A kobold (D:1)
  657 foxfires
  17 fungi (D:5)
  43 plants (D:6)
  5 tentacles (D:1)
737 creatures vanquished.

Grand Total: 925 creatures vanquished

Notes
Turn   | Place    | Note
-------+----------+-------------------------------------------
     0 | D:1      | funkygono the Demonspawn Fire Elementalist began the quest
                  | for the Orb.
     0 | D:1      | Reached XP level 1. HP: 13/13 MP: 3/3
     2 | D:1      | Noticed an elf
     2 | D:1      | Noticed an ogre
     2 | D:1      | Noticed a formicid
     2 | D:1      | Noticed a merfolk
     2 | D:1      | Noticed a naga
     2 | D:1      | Noticed a kraken
     2 | D:1      | Noticed a draconian
     2 | D:1      | Noticed a gargoyle
     2 | D:1      | Noticed a demigod
     2 | D:1      | Noticed a formicid
     2 | D:1      | Noticed a merfolk
     2 | D:1      | Noticed a draconian
     2 | D:1      | Noticed a merfolk
     2 | D:1      | Noticed a demigod
     4 | D:1      | Killed a naga
     6 | D:1      | Killed an elf
     6 | D:1      | Killed an ogre
     8 | D:1      | Killed a formicid
     8 | D:1      | Killed a draconian
    11 | D:1      | Killed a merfolk
    11 | D:1      | Killed a merfolk
    11 | D:1      | Killed a formicid
    12 | D:1      | Killed a gargoyle
    13 | D:1      | Killed a draconian
    13 | D:1      | Killed a demigod
    16 | D:1      | Killed a merfolk
    19 | D:1      | Killed a demigod
   243 | D:1      | Reached skill level 3 in Fire Magic
   275 | D:1      | Gained mutation: You are partially covered in razor-sharp
                  | scales. (AC +1, Slay +1) [demonic ancestry]
   275 | D:1      | Reached XP level 2. HP: 19/19 MP: 3/5
   709 | D:1      | Gained mutation: You have large cloven feet. [demonic
                  | ancestry]
   709 | D:1      | Reached XP level 3. HP: 24/24 MP: 0/6
   825 | D:1      | Found a faded altar of an unknown god.
  1036 | D:1      | Learned a level 2 spell: Scorch
  1040 | D:1      | Learned a level 3 spell: Kindle Blastsparks
  2190 | D:2      | Gained mutation: A meltable shield of frost defends you.
                  | (SH +4) [demonic ancestry]
  2190 | D:2      | Reached XP level 4. HP: 30/30 MP: 5/7
  2451 | D:3      | Found a snail-covered altar of Cheibriados.
  2510 | D:3      | HP: 1/30 [iron imp (1)]
  3279 | D:4      | Reached skill level 4 in Fire Magic
  3279 | D:4      | Gained mutation: A meltable icy envelope protects you from
                  | harm. (AC +4) [demonic ancestry]
  3279 | D:4      | Reached XP level 5. HP: 18/35 MP: 1/8
  3615 | D:4      | Noticed a black bear
  3618 | D:4      | Killed a black bear
  3619 | D:4      | Reached XP level 6. HP: 41/41 MP: 3/11
  3751 | D:4      | Reached skill level 1 in Maces & Flails
  3909 | D:4      | Found Peoseomma's Antique Armour Emporium.
  4191 | D:4      | Found a staircase to the Ecumenical Temple.
  4435 | Temple   | Entered the Ecumenical Temple
  4441 | Temple   | Became a worshipper of Vehumet
  4693 | D:4      | Learned a level 4 spell: Flame Wave
  4705 | D:5      | Entered Level 5 of the Dungeon
  4705 | D:5      | Noticed a steam dragon
  4716 | D:4      | Reached skill level 5 in Fire Magic
  4877 | D:4      | Reached XP level 7. HP: 16/47 MP: 2/13
  5343 | D:5      | Reached skill level 6 in Fire Magic
  5357 | D:5      | Killed a steam dragon
  5358 | D:5      | Gained mutation: You are mostly covered in razor-sharp
                  | scales. (AC +2, Slay +2) [demonic ancestry]
  5358 | D:5      | Reached XP level 8. HP: 53/53 MP: 0/15
  5524 | D:5      | Reached skill level 5 in Spellcasting
  5844 | D:5      | Reached skill level 7 in Fire Magic
  6445 | D:6      | Found a broken altar of Ashenzari.
  6652 | D:6      | Reached XP level 9. HP: 58/58 MP: 12/18
  6710 | D:6      | Reached skill level 8 in Fire Magic
  6714 | D:6      | Reached * piety under Vehumet
  6714 | D:6      | Offered knowledge of Sandblast by Vehumet.
  7168 | D:6      | Noticed a troll
  7521 | D:6      | Reached skill level 1 in Shields
  7700 | D:6      | Reached skill level 5 in Conjurations
  8095 | D:6      | Reached skill level 9 in Fire Magic
  8312 | D:6      | Learned a level 5 spell: Lightning Bolt
  8319 | D:6      | Learned a level 6 spell: Iron Shot
  8773 | D:7      | Gained mutation: You have hoof-like feet. [demonic
                  | ancestry]
  8773 | D:7      | Reached XP level 10. HP: 64/64 MP: 15/21
  8825 | D:7      | Offered knowledge of Kiss of Death by Vehumet.
  8967 | D:7      | Noticed Prince Ribbit
  8974 | D:7      | Killed Prince Ribbit
  8974 | D:7      | Reached ** piety under Vehumet
  9631 | D:7      | Learned a level 1 spell: Kiss of Death
 10208 | D:8      | Noticed an orange demon
 10210 | D:8      | Noticed Amaemon
 10221 | D:8      | Killed an orange demon
 10238 | D:8      | Succumbed to Amaemon's poison

Illustrated notes

Levels and vault maps discovered:
D:1:      nicolae_arrival_kraken_aquarium_b, layout_basic,
          hellmonk_ecumenical_altar_lost_god, minivault_14,
          chequers_serial_rivers_small_b, chequers_jeans
D:2:      layout_basic, st_stairs_3
D:3:      layout_loops_ring, slow_altar_1
D:4:      layout_gridville, minmay_temple_entry_statues_fountains, serial_shops,
          nicolae_diamond_shop, minmay_misc_feat_columns,
          dreamdust_princess_corridor
D:5:      kennysheep_steamy, layout_cave_pools
D:6:      kennysheep_housing_project, layout_loops_ring,
          mainiacjoe_overflow_24_doors, zin_academy, lightli_corner_chamber
D:7:      layout_basic, uniq_prince_ribbit1
D:8:      layout_layer_cave, minmay_lindwurm_lava, uniq_amaemon
Temple:   eino_temple_rhombus

Skill      XL: |  1  2  3  4  5  6  7  8  9 10 |
---------------+-------------------------------+-----
Fire Magic     | 3 4 5 6 7 9 |  9.9
Dodging        | 2 3 |  3.3
Conjurations   | 2 3 4 5 6 |  6.2
Spellcasting   | 3 4 6 7 8 |  8.5
Maces & Flails | 1 |  1.5
Shields        | 1 |  1.3
Fighting       | |  0.7
Stealth        | |  1.7
Air Magic      | |  0.1
Earth Magic    | |  0.2
Evocations     | |  0.1

Action                   |  1- 3 |  4- 6 |  7- 9 | 10-12 || total
-------------------------+-------+-------+-------+-------++-------
Melee: Mace              |       |    14 |    20 |       ||    34
       Kick              |       |     3 |     4 |       ||     7
       Punch             |       |     1 |     1 |       ||     2
       Whip              |       |       |       |     4 ||     4
 Cast: Foxfire           |    72 |    56 |   171 |    81 ||   380
       Scorch            |     1 |    17 |    51 |    13 ||    82
       Flame Wave        |       |       |     7 |     5 ||    12
Evoke: Wand              |       |     1 |       |       ||     1
  Use: Scroll            |     3 |     7 |     6 |     1 ||    17
       Potion            |       |     1 |     1 |       ||     2
Armor: Robe              |     1 |    15 |     2 |       ||    18
       Steam dragon scal |       |       |    40 |    17 ||    57
Dodge: Dodged            |    10 |    25 |    53 |    17 ||   105
Block: Other             |       |     5 |    18 |    13 ||    36

Table legend: (Time is in decaauts)
 A = Elapsed time spent in this place.
 B = Non-inter-level travel time spent in this place.
 C = Inter-level travel time spent in this place.
 D = Time resting spent in this place.
 E = Time spent auto-exploring this place.
 F = Levels seen in this place.
 G = Mean time per level.
                   A        B        C        D        E       F      G
               +--------+--------+--------+--------+--------+-----+--------+
         Total |  10264 |  10067 |    197 |    354 |   8218 |   9 | 1140.4 |
       Dungeon |  10067 |   9890 |    177 |    354 |   8057 |   8 | 1258.4 |
        Temple |    196 |    177 |     19 |      0 |    161 |   1 |  196.0 |
               +--------+--------+--------+--------+--------+-----+--------+

Top non-repeatable levels by time:
     D:6: 1997 daAuts
     D:4: 1744 daAuts
     D:7: 1317 daAuts
     D:1: 1218 daAuts
     D:2: 1160 daAuts
     D:5: 1131 daAuts
     D:3: 905 daAuts
     D:8: 592 daAuts
  Temple: 196 daAuts
